 Dungeon Sprint DCSS version 0.21-a0-349-g0c35859 (webtiles) character file.

526 KristoblXynda the Infuser (level 7, -3/60 HPs)
             Began as a Naga Skald on Oct 8, 2017.
             Was a Believer of Makhleb.
             Killed from afar by a deep elf mage (16 damage)
             ... with a bolt of magma
             ... in the Dungeon (Sprint IX: "|||||||||||||||||||||||||||||").
             The game lasted 00:03:15 (745 turns).

KristoblXynda the Infuser (Naga Skald)               Turns: 745, Time: 00:03:16

Health: -3/60      AC:  5    Str: 16    XL:     7   Next: 23%
Magic:  9/10       EV: 14    Int: 16    God:    Makhleb [**....]
Gold:   0          SH:  0    Dex: 10    Spells: 5/10 levels left

rFire    . . .     SeeInvis +   r - +2 halberd (vamp)
rCold    . . .     Gourm    .   (shield currently unavailable)
rNeg     . . .     Faith    .   b - +0 leather armour
rPois    +         Spirit   .   (no helmet)
rElec    .         Reflect  .   p - +0 cloak
rCorr    .         Harm     .   o - +0 pair of gloves
MR       .....     NoTele   +   (no barding)
Stlth    +.........             (no amulet)
HPRegen  0.20/turn              m - +3 ring of intelligence
MPRegen  0.12/turn              n - +2 ring of evasion

@: singing, very slow
A: see invisible, deformed body, poison resistance, slowness 2, slow metabolism
1, spit poison 1, AC +2
a: Spit Poison, Minor Destruction, Renounce Religion


You were in the Dungeon.
You worshipped Makhleb.
Makhleb was pleased with you.
You were not hungry.

You visited 1 branch

Inventory:

Hand Weapons
 r - a +2 vampiric halberd (weapon)
Armour
 b - a +0 leather armour (worn)
 o - a +0 pair of gloves (worn)
 p - a +0 cloak (worn)
 q - a +1 chain mail
Jewellery
 m - a +3 ring of intelligence (left hand)
 n - a +2 ring of evasion (right hand)
Wands
 l - a wand of iceblast (7/15)
Scrolls
 i - 3 scrolls of remove curse
 j - 2 scrolls of blinking
 k - a scroll of amnesia
Potions
 e - a potion of invisibility
 g - 3 potions of curing
 h - 4 potions of magic
Books
 c - a book of Battle

   Spells                             Type                      Level
   a - Infusion                       Charms                       1
   b - Shroud of Golubria             Charms/Translocation         2
   c - Song of Slaying                Charms                       2
   d - Spectral Weapon                Hexes/Charms                 3
   e - Regeneration                   Charms/Necromancy            3
Comestibles
 a - 6 chunks of flesh


   Skills:
 - Level 2.0 Fighting
 + Level 9.0 Polearms
 - Level 0.7 Armour
 + Level 7.4 Dodging
 - Level 2.0 Spellcasting
 + Level 9.2 Charms


You had 5 spell levels left.
You knew the following spells:

 Your Spells              Type           Power        Failure   Level  Hunger
b - Song of Slaying       Chrm           ####....     1%          2    ###....
c - Regeneration          Chrm/Necr      ###.......   12%         3    ###....


Dungeon Overview and Level Annotations

Branches:
Dungeon (1/1)

Altars:
Cheibriados
Dithmenos
Elyvilon
Fedhas
Gozag
Hepliaklqana
Kikubaaqudgha
Makhleb
Nemelex Xobeh
Okawaru
Qazlal
Ru
Sif Muna
Trog
Uskayaw
Vehumet
Wu Jian
Xom
Yredelemnul
Zin
The Shining One
Beogh
Jiyva
Lugonu


Innate Abilities, Weirdness & Mutations

You cannot wear boots.
Your serpentine skin is tough. (AC +2)
You have supernaturally acute eyesight. (SInv)
Armour fits poorly on your strangely shaped body.
Your system is resistant to poisons. (rPois)
You cover ground very slowly.
You have a slow metabolism.
You can spit poison.


Message History

The stone arrow hits you!
Ouch! That really hurt!
* * * LOW HITPOINT WARNING * * *
Okay, then.
You feel better.
The deep elf mage hits you with a short sword.
* * * LOW HITPOINT WARNING * * *
Unknown command.
You barely miss the deep elf mage.
The deep elf mage is moderately wounded.
The crimson imp hits you.
* * * LOW HITPOINT WARNING * * *
The crimson imp blinks!
The deep elf mage hits you but does no damage.
The crimson imp hits you but does no damage.
You hit the crimson imp.
The crimson imp is moderately wounded.
The deep elf mage points at you and mumbles some strange words.
The bolt of magma hits you!
You die... ▓▓▓▓▓▓▓▓▓▓▓▓▓▓▓▓▓▓▓▓▓▓▓▓ '..|).)...)....5@eZF5... ▓▓▓▓▓▓▓▓▓▓▓▓▓▓▓▓▓▓▓▓▓▓▓▓

You could see a deep elf mage, a bullfrog, 2 crimson imps and a leopard gecko skeleton.

Vanquished Creatures
  A yak (D)
  3 ogres (D)
  A scorpion (D)
  A hound (D)
  A worker ant (D)
  An adder (D)
  A leopard gecko (D)
  A giant cockroach (D)
  2 hobgoblins (D)
  A jackal (D)
  3 frilled lizards (D)
  A leopard gecko skeleton (D)
17 creatures vanquished.

Notes
Turn   | Place    | Note
-------+----------+-------------------------------------------
     0 | D        | KristoblXynda the Naga Skald began the quest for the Orb.
     0 | D        | Reached XP level 1. HP: 19/19 MP: 3/3
   263 | D        | Noticed an ogre
   263 | D        | Noticed a scorpion
   268 | D        | Killed an ogre
   268 | D        | Reached skill level 5 in Polearms
   268 | D        | Reached skill level 5 in Charms
   268 | D        | Reached XP level 2. HP: 19/26 MP: 5/5
   268 | D        | Reached XP level 3. HP: 24/32 MP: 6/6
   268 | D        | Reached XP level 4. HP: 29/39 MP: 7/7
   297 | D        | Reached skill level 5 in Dodging
   297 | D        | Reached XP level 5. HP: 23/45 MP: 8/8
   510 | D        | Learned a level 2 spell: Song of Slaying
   514 | D        | Learned a level 3 spell: Regeneration
   520 | D        | Found a roughly hewn altar of Beogh.
   520 | D        | Found a snail-covered altar of Cheibriados.
   520 | D        | Found a shadowy altar of Dithmenos.
   520 | D        | Found a white marble altar of Elyvilon.
   520 | D        | Found a blossoming altar of Fedhas.
   520 | D        | Found an opulent altar of Gozag.
   521 | D        | Found a hazy altar of Hepliaklqana.
   522 | D        | Found a viscous altar of Jiyva.
   523 | D        | Found an ancient bone altar of Kikubaaqudgha.
   524 | D        | Found a corrupted altar of Lugonu.
   525 | D        | Found a burning altar of Makhleb.
   526 | D        | Found a sparkling altar of Nemelex Xobeh.
   527 | D        | Found an iron altar of Okawaru.
   528 | D        | Found a stormy altar of Qazlal.
   529 | D        | Found a sacrificial altar of Ru.
   530 | D        | Found a deep blue altar of Sif Muna.
   531 | D        | Found a bloodstained altar of Trog.
   532 | D        | Found a hide-covered altar of Uskayaw.
   533 | D        | Found a radiant altar of Vehumet.
   534 | D        | Found an ornate altar of the Wu Jian Council.
   535 | D        | Found a shimmering altar of Xom.
   536 | D        | Found a basalt altar of Yredelemnul.
   537 | D        | Found a glowing silver altar of Zin.
   538 | D        | Found a glowing golden altar of the Shining One.
   549 | D        | Became a worshipper of Makhleb the Destroyer
   613 | D        | Noticed an ogre
   613 | D        | Noticed an ogre
   613 | D        | Noticed a yak
   619 | D        | Killed an ogre
   619 | D        | Reached XP level 6. HP: 52/52 MP: 6/9
   629 | D        | Reached * piety under Makhleb
   636 | D        | Killed a yak
   636 | D        | Reached XP level 7. HP: 37/60 MP: 8/10
   640 | D        | Reached ** piety under Makhleb
   724 | D        | Noticed a deep elf mage
   745 | D        | Killed from afar by a deep elf mage

Vault maps used:
D:        linesprint

Skill      XL: |  1  2  3  4  5  6  7 |
---------------+----------------------+-----
Dodging        | 4 5 7 |  7.4
Polearms       | 5 6 7 8 9 |  9.0
Charms         | 5 6 7 9 |  9.2
Fighting       | |  2.0
Armour         | |  0.7
Spellcasting   | |  2.0

Action                   |  1- 3 |  4- 6 |  7- 9 || total
-------------------------+-------+-------+-------++-------
Melee: Spear             |    23 |    24 |       ||    47
       Halberd           |       |    22 |    20 ||    42
 Cast: Infusion          |     1 |       |       ||     1
       Song of Slaying   |       |     1 |     1 ||     2
 Abil: Spit Poison       |       |     1 |     1 ||     2
  Use: Potion            |     1 |     3 |     3 ||     7
       Scroll            |       |     1 |       ||     1
  Eat: Bread ration      |       |     1 |       ||     1
Armor: Leather armour    |       |     6 |     6 ||    12
Dodge: Dodged            |     8 |    23 |     9 ||    40

Table legend:
 A = Spawn XP
 B = Non-spawn XP
 C = Spawn XP percentage of total XP
 D = Spawn monster count
 E = Non-spawn monster count
 F = Spawn count percentage of total count
 G = Total turns spent on level
                    A         B        C        D         E        F      G
               +---------+---------+-------+---------+---------+-------+---------
         Total |       0 |     752 |   0.0 |       0 |      17 |   0.0 |   745
               +---------+---------+-------+---------+---------+-------+---------
             D |       0 |     752 |   0.0 |       0 |      17 |   0.0 |   745
               +---------+---------+-------+---------+---------+-------+---------
